 Dungeon Crawl Stone Soup version 0.27.0-1-g7a089689b8 (webtiles) character file.

Game seed: 7032004703360101571

763 robertstho the Sneak (level 7, -1/48 HPs)
             Began as an Octopode Wanderer on Aug 6, 2021.
             Succumbed to a gnoll sergeant's poison
             ... on level 5 of the Dungeon.
             The game lasted 00:05:56 (5147 turns).

robertstho the Sneak (Octopode Wanderer)            Turns: 5147, Time: 00:05:56

Health: -1/48      AC:  5    Str: 17    XL:     7   Next: 81%
Magic:  7/7        EV: 14    Int: 11    God:
Gold:   101        SH:  5    Dex: 17    Spells: 6/6 levels left

rFire    . . .     SeeInvis .   t - +1 short sword (vamp)
rCold    . . .     Faith    .   (no shield)
rNeg     . . .     Spirit   .   (helmet restricted)
rPois    .         Reflect  +   f - amulet of reflection
rElec    .         Harm     .   h - +6 ring of strength
rCorr    .         Rampage  .   e - +4 ring of protection
Will     .....                  (no ring)
Stlth    +++++.....             (no ring)
HPRegen  0.16/turn              (no ring)
MPRegen  0.10/turn              (no ring)
                                (no ring)
                                (no ring)

@: lethally poisoned (-1 -> -24)
A: almost no armour, amphibious, 8 rings, camouflage 1, gelatinous body 1,
(nimble swimmer 1), tentacles
a: no special abilities


You were on level 5 of the Dungeon.
You visited 1 branch of the dungeon, and saw 5 of its levels.

You collected 191 gold pieces.
You spent 90 gold pieces at shops.

Inventory:

Hand Weapons
 a - a +0 hand axe
 d - a +0 dagger
 t - a +1 vampiric short sword (weapon)
Missiles
 b - 4 throwing nets (quivered)
Jewellery
 e - a +4 ring of protection (right tentacle)
 f - an amulet of reflection (around mantle)
 h - a +6 ring of strength (left tentacle)
Wands
 v - a wand of flame (6)
Scrolls
 c - a scroll of fear
 g - a scroll of immolation {unknown}
 m - a scroll of vulnerability
 o - a scroll of enchant armour
 r - 2 scrolls of fog
 s - a scroll of amnesia
 u - a scroll of teleportation
Potions
 i - 2 potions of heal wounds
 k - a potion of cancellation {unknown}
 l - a potion of magic {unknown}
 n - 2 potions of ambrosia {unknown}
 p - a potion of berserk rage {unknown}
 q - a potion of attraction {unknown}


   Skills:
 * Level 4.3 Fighting
 + Level 3.3 Short Blades
 + Level 3.6 Axes
 + Level 2.5 Dodging
 * Level 7.8 Stealth
 + Level 2.1 Shields
 + Level 1.0 Unarmed Combat


You had 6 spell levels left.
You didn't know any spells.
Your spell library contained the following spells:

 Spells                   Type           Power      Damage    Failure   Level
 Corpse Rot               Necr/Air       N/A        N/A       47%         2
 Gell's Gravitas          Tloc           0%         N/A       71%         3
 Lesser Beckoning         Tloc           0%         N/A       71%         3
 Teleport Other           Tloc           0%         N/A       71%         3
 Dispel Undead            Necr           0%         3d6       98%         4
 Death Channel            Necr           0%         N/A       100%        6


Dungeon Overview and Level Annotations

Branches:
Dungeon (5/15)
 Temple: D:4-7

Altars:

Shops:
D:1 ?=?

Annotations:
D:1 Great ring shop / great scroll shops etc


Innate Abilities, Weirdness & Mutations

You cannot wear most types of armour.
You are amphibious.
You can wear up to eight rings at the same time.
Your skin changes colour to match your surroundings (Stealth+).
Your rubbery body absorbs attacks. (AC +1, EV +1)
((You are camouflaged near water. (Stealth+)))
You have tentacles for arms and can constrict up to eight enemies at once.


Message History

The gnoll misses you.
You hear an angry growl.
You hit the gnoll. Your grab misses the gnoll. You squeeze the gnoll.
The gnoll is severely wounded.
The gnoll hits you but does no damage. The gnoll misses you.
You hit the gnoll. You grab the gnoll. You squeeze the gnoll.
You kill the gnoll!
The gnoll misses you.
Things that are here:
a +0 flail; a gnoll corpse The gnoll sergeant blocks your attack.
You grab the gnoll sergeant. You squeeze the gnoll sergeant!
The gnoll sergeant is moderately wounded.
You constrict the gnoll sergeant, but do no damage.
The gnoll sergeant hits you with a +0 trident of venom!
You are poisoned.
The gnoll closely misses you.
The gnoll sergeant blocks your attack. x2
The gnoll sergeant is moderately wounded.
You constrict the gnoll sergeant.
You feel very sick. The gnoll sergeant closely misses you.
The gnoll hits you from afar with a +0 halberd.
You hit the gnoll sergeant but do no damage.
The gnoll sergeant is moderately wounded.
You constrict the gnoll sergeant.
You feel very sick.
The gnoll sergeant hits you with a +0 trident of venom.
You are lethally poisoned!
You are too injured to fight recklessly!
You are too injured to fight recklessly!
You release your grip on the gnoll sergeant.
* * * LOW HITPOINT WARNING * * *
You feel very sick.
The gnoll sergeant hits you from afar with a +0 trident of venom.
* * * LOW HITPOINT WARNING * * *
You are more poisoned.
* * * LOW HITPOINT WARNING * * *
You feel extremely sick.
You die...

##.### ###.....## ......
.........# ####...###
###..###.#
........#############.#
....#...#≈≈≈≈≈≈≈≈≈#.#
####.##.#.............#
#.......###≈≈≈≈≈≈≈≈≈###
#####.#.################
................@.#
#################.#
......... #.# #.#.###.#
#g# #.#.....# #.#
#.#...#.### #g#
#.#....... #g#
#.#...#.### #g#
#.#........ ...


You could see a gnoll sergeant and 3 gnolls.

Vanquished Creatures
  Eustachio (D:4)
  An ogre (D:4)
  A phantom (D:4)
  A bullfrog (D:5)
  A scorpion (D:5)
  A bullfrog skeleton (D:5)
  A hound (D:5)
  A jelly (D:5)
  Terence (D:3)
  Jessica (D:3)
  2 iguanas
  A hound zombie (D:5)
  A hound skeleton (D:4)
  A howler monkey skeleton (D:4)
  A gnoll (D:5)
  2 adders (D:2)
  A shadow imp (D:3)
  2 worms
  An adder skeleton (D:4)
  3 dart slugs
  3 orcs
  6 bats
  4 endoplasms (D:1)
  3 giant cockroaches
  4 goblins
  3 hobgoblins
  6 jackals (D:4)
  8 kobolds
  A quokka (D:4)
  6 ball pythons
  3 frilled lizards
  A jackal skeleton (D:4)
  6 rats
79 creatures vanquished.

Notes
Turn   | Place    | Note
-------+----------+-------------------------------------------
     0 | D:1      | robertstho the Octopode Wanderer began the quest for the
                  | Orb.
     0 | D:1      | robertstho set off with the following items: a +0 hand axe,
                  | 4 throwing nets, a scroll of teleportation, a +0 dagger
     0 | D:1      | Reached XP level 1. HP: 14/14 MP: 1/1
   163 | D:1      | Found Koh Wixi's Magic Scroll Shop.
   201 | D:1      | Found a faded altar of an unknown god.
   311 | D:1      | Reached XP level 2. HP: 19/19 MP: 2/2
   958 | D:1      | Reached skill level 3 in Stealth
   958 | D:1      | Reached XP level 3. HP: 24/24 MP: 3/3
   963 | D:1      | Found Ewiev's Jewellery Emporium.
  1241 | D:1      | Found Hyijureq's Magic Scroll Shop.
  1249 | D:1      | Bought a scroll of identify for 24 gold pieces
  1780 | D:2      | Reached XP level 4. HP: 12/30 MP: 4/4
  2410 | D:3      | Reached skill level 4 in Stealth
  2467 | D:3      | Noticed Jessica
  2469 | D:3      | Noticed Terence
  2475 | D:3      | Killed Jessica
  2481 | D:3      | Killed Terence
  2482 | D:3      | Reached XP level 5. HP: 16/36 MP: 5/5
  2762 | D:3      | Reached skill level 1 in Short Blades
  3133 | D:4      | Reached skill level 5 in Stealth
  3268 | D:4      | Noticed a phantom
  3274 | D:4      | Noticed Eustachio
  3565 | D:1      | Bought a scroll of fog for 24 gold pieces
  3565 | D:1      | Bought a scroll of fear for 42 gold pieces
  3683 | D:4      | Killed a phantom
  3684 | D:4      | Reached XP level 6. HP: 28/42 MP: 6/6
  4166 | D:4      | Killed Eustachio
  4167 | D:4      | Reached skill level 6 in Stealth
  4537 | D:4      | Reached XP level 7. HP: 47/47 MP: 7/7
  4662 | D:5      | Entered Level 5 of the Dungeon
  4679 | D:5      | Reached skill level 7 in Stealth
  5147 | D:5      | Succumbed to a gnoll sergeant's poison

Illustrated notes

Levels and vault maps discovered:
D:1:      saegor_arrival_simple_e, layout_basic, serial_shops, shop,
          nicolae_shop_waterfront, shop, shapermc_ecumenical_altar_notcrosses,
          minmay_small_reverse_x
D:2:      layout_basic
D:3:      layout_loops_cross, minmay_misc_feat_plants, kennysheep_doodads,
          uniq_terence, uniq_jessica
D:4:      minmay_door_path, layout_rooms, uniq_eustachio
D:5:      layout_basic, serial_glass, glass_columns_a, glass_columns_b,
          amcnicky_mini_rare_corridor_liquid, uniq_duvessa

Skill      XL: |  1  2  3  4  5  6  7 |
---------------+----------------------+-----
Stealth        | 3 4 5 6 7 |  7.8
Fighting       | 3 4 |  4.3
Short Blades   | 1 2 3 |  3.3
Dodging        | 2 |  2.5
Shields        | 2 |  2.1
Axes           | |  3.6
Unarmed Combat | |  1.0

Action                   |  1- 3 |  4- 6 |  7- 9 || total
-------------------------+-------+-------+-------++-------
Melee: Dagger            |    70 |    79 |       ||   149
       Constrict         |    14 |    19 |     9 ||    42
       Tentacles         |    16 |    22 |    12 ||    50
       Short sword       |       |    24 |    28 ||    52
       Punch             |       |     1 |       ||     1
  Use: Scroll            |     3 |     4 |       ||     7
 Stab: Sleeping          |    14 |     9 |     5 ||    28
Armor: Skin              |     6 |     8 |     2 ||    16
Dodge: Dodged            |    45 |    49 |    14 ||   108
Block: Other             |     2 |    18 |     3 ||    23
